 Dungeon Crawl Stone Soup version 0.32-a0-576-g706899e69d (webtiles) character file.

Game seed: 2501069553668543983

88 CougarLife the Digger (level 4, -3/24 HPs)
             Began as a Gargoyle Earth Elementalist on Mar 1, 2024.
             Incinerated by a bombardier beetle (9 damage)
             ... with a burning spray
             ... on level 3 of the Dungeon.
             The game lasted 00:01:06 (2395 turns).

CougarLife the Digger (Gargoyle Earth Elementalist) Turns: 2395, Time: 00:01:07

Health: -3/24      AC:  6    Str: 12    XL:     4   Next: 54%
Magic:  3/8        EV: 11    Int: 17    God:
Gold:   145        SH:  0    Dex: 10    Spells: 7/8 levels left

rFire   . . .        i - +0 dagger
rCold   . . .        (no shield)
rNeg    + . .        a - +0 robe
rPois   ∞            (no helmet)
rElec   +            h - +0 cloak
rCorr   .            (no gloves)
SInv    .            (no boots)
Will    .....        (no amulet)
Stlth   +            (no ring)
HPRegen 0.24/turn    (no ring)
MPRegen 0.11/turn

%: no passive effects
@: on fire, very slightly contaminated, glowing
A: sickness immunity, AC +3, negative energy resistance 1, electricity
resistance, torment resistance 1, petrification resistance
a: no special abilities


You were on level 3 of the Dungeon.
You visited 1 branch of the dungeon, and saw 3 of its levels.

You collected 145 gold pieces.

Inventory:

Hand Weapons
 i - a +0 dagger (weapon)
Armour
 a - a +0 robe (worn)
 h - a +0 cloak (worn)
Scrolls
 c - 5 scrolls of identify {unknown}
 d - a scroll of enchant armour {unknown}
 e - a scroll of silence {unknown}
 f - 2 scrolls of blinking {unknown}
Potions
 b - 2 potions of magic
 g - a potion of heal wounds {unknown}
 j - a potion of attraction {unknown}


   Skills:
 - Level 1.5 Dodging
 - Level 2.1 Stealth
 + Level 2.9 Spellcasting
 + Level 2.7 Conjurations
 + Level 4.6 Earth Magic


You had 7 spell levels left.
You knew the following spells:

 Your Spells              Type           Power      Damage    Failure   Level
a - Sandblast             Erth           36%        2d10      2%          1

Your spell library contained the following spells:

 Spells                   Type           Power      Damage    Failure   Level
 Passwall                 Erth           18%        N/A       8%          3
 Stone Arrow              Conj/Erth      30%        3d8       12%         3
 Static Discharge         Conj/Air       14%        3-4/arc   16%         2
 Lesser Beckoning         Tloc           4%         N/A       26%         2
 Brom's Barrelling Bould  Conj/Erth      15%        2d4       36%         4
 Gell's Gravitas          Tloc           2%         N/A       47%         3
 Teleport Other           Tloc           2%         N/A       47%         3
 Petrify                  Alch/Erth      10%        N/A       56%         4
 Airstrike                Air            1%         2d(1-17)  87%         4
 Summon Lightning Spire   Summ/Air       2%         N/A       87%         4


Dungeon Overview and Level Annotations

Branches:
Dungeon (3/15)

Altars:


Innate Abilities, Weirdness & Mutations

You are immune to sickness and miasma.
Your stone body is resilient. (AC +3)
You are immune to poison.
You resist negative energy. (rN+)
You are resistant to electric shocks. (rElec)
You are resistant to unholy torment.
You are immune to petrification.


Message History

You are covered in liquid fire!
You are on fire!
You shake off some of the fire as you move.
The liquid fire burns you!
The bombardier beetle sprays incendiary fluid at you.
The burning spray hits you.
You are even more covered in liquid fire!
You miscast Sandblast.
You are very lightly contaminated with residual magic.
Nothing appears to happen.
The liquid fire burns you!
You are on fire!
The blast of sand hits the bombardier beetle but does no damage.
The bombardier beetle is moderately wounded.
The liquid fire burns you!
The bombardier beetle sprays incendiary fluid at you.
The burning spray hits you.
You are even more covered in liquid fire!
You are too injured to fight recklessly!
You are too injured to fight recklessly!
You are too injured to fight recklessly!
You are on fire!
Casting: Sandblast (safe; 2% risk of failure)
Confirm with . or Enter, or press ? or * to list all spells.
Aiming: Sandblast (safe; 2% risk of failure)
Press: ? - help, Shift-Dir - straight line, f/p - bombardier beetle
Aim: a bombardier beetle (moderately wounded, 89% to hit)
The blast of sand hits the bombardier beetle.
The bombardier beetle is heavily wounded.
The liquid fire burns you!
* * * LOW HITPOINT WARNING * * *
The bombardier beetle bites you but does no damage.
Casting: Sandblast (safe; 2% risk of failure)
Confirm with . or Enter, or press ? or * to list all spells.
Aiming: Sandblast (safe; 2% risk of failure)
Press: ? - help, Shift-Dir - straight line, f/p - bombardier beetle
Aim: a bombardier beetle (heavily wounded, 89% to hit)
The blast of sand misses the bombardier beetle.
The liquid fire burns you!
You die...

.....# ..... ..#.#
..... ###
#.#.##....
...##.#.....#
............###
...............
.......B.......
.......@.......
..###.#.#######
...#..$...#######
........#.......##
..................
.........#......##
.......###......##
........<.........
##.#...#.#########


You could see a bombardier beetle.

Vanquished Creatures
  An orc priest (D:3)
  2 adders
  A ribbon worm (D:2)
  2 orcs (D:3)
  3 ball pythons
  3 bats (D:2)
  3 endoplasms
  A goblin (D:1)
  5 hobgoblins
  2 jackals (D:2)
  5 kobolds
  A quokka (D:2)
  4 frilled lizards
  6 rats
39 creatures vanquished.

Notes
Turn   | Place    | Note
-------+----------+-------------------------------------------
     0 | D:1      | CougarLife the Gargoyle Earth Elementalist began the quest
                  | for the Orb.
     0 | D:1      | Reached XP level 1. HP: 10/10 MP: 3/3
   330 | D:1      | Reached XP level 2. HP: 15/15 MP: 1/5
   877 | D:2      | Reached skill level 4 in Earth Magic
   928 | D:2      | Reached XP level 3. HP: 17/19 MP: 3/6
  1141 | D:2      | Found a faded altar of an unknown god.
  2175 | D:3      | Reached XP level 4. HP: 4/24 MP: 0/8
  2395 | D:3      | Incinerated by a bombardier beetle

Illustrated notes

Levels and vault maps discovered:
D:1:      sevenhm_arrival_forest_fort_large_3, layout_loops_ring
D:2:      layout_loops_corners, shapermc_ecumenical_altar_starsandcircs
D:3:      layout_basic, uniq_crazy_yiuf_cottage

Skill      XL: |  1  2  3 |
---------------+----------+-----
Earth Magic    | 4 |  4.6
Conjurations   | 2 |  2.7
Dodging        | |  1.5
Stealth        | |  2.1
Spellcasting   | |  2.9

Action                     |  1- 3 |  4- 6 || total
---------------------------+-------+-------++-------
  Melee: Unarmed           |     2 |       ||     2
   Cast: Sandblast         |    48 |    10 ||    58
 Armour: Robe              |     8 |     1 ||     9
  Dodge: Dodged            |    19 |     1 ||    20

Table legend: (Time is in decaauts)
 A = Elapsed time spent in this place.
 B = Non-inter-level travel time spent in this place.
 C = Inter-level travel time spent in this place.
 D = Time resting spent in this place.
 E = Time spent auto-exploring this place.
 F = Levels seen in this place.
 G = Mean time per level.
                   A        B        C        D        E       F      G
               +--------+--------+--------+--------+--------+-----+--------+
         Total |   2423 |   2258 |    165 |     80 |   1963 |   3 |  807.7 |
       Dungeon |   2423 |   2258 |    165 |     80 |   1963 |   3 |  807.7 |
               +--------+--------+--------+--------+--------+-----+--------+

Top non-repeatable levels by time:
     D:2: 1227 daAuts
     D:1: 881 daAuts
     D:3: 314 daAuts
